 Dungeon Crawl Stone Soup version 0.26-a0-665-gefeb406119 (webtiles) character file.

Game seed: 6146140760991393794

225984 lunkers the Spry (level 20, -8/139 HPs)
             Began as a Kobold Berserker on Oct 14, 2020.
             Was the Champion of Trog.
             Killed by the air
             ... invoked by a wind drake
              (19 damage)
             ... on level 3 of the Shoals on Oct 15, 2020.
             The game lasted 01:51:01 (49766 turns).

lunkers the Spry (Kobold Berserker)                Turns: 49766, Time: 01:51:02

Health: -8/139     AC: 21    Str: 15    XL:     20   Next: 12%
Magic:  20/20      EV: 31    Int: 15    God:    Trog [******]
Gold:   3192       SH:  9    Dex: 20    Spells: 19/19 levels left

rFire    + . .     SeeInvis .   M - +6 short sword (distort)
rCold    + . .     Faith    +   o - +2 buckler {AC+3}
rNeg     . . .     Spirit   .   n - +4 ring mail "Muithred" {Int+4}
rPois    .         Reflect  .   d - +1 helmet
rElec    .         Harm     .   I - scarf {repulsion}
rCorr    .         Rampage  .   E - +2 pair of gloves
MR       +++..                  m - +1 pair of boots
Stlth    ++++......             y - amulet of faith
HPRegen  1.33/turn              Y - ring of protection from fire
MPRegen  0.17/turn              D - ring of protection from cold (curse)

@: lethally poisoned (-8 -> -8), regenerating, repel missiles, very slow
A: small, nightstalker 3
}: 1/15 runes: gossamer
a: Berserk, Trog's Hand, Brothers in Arms, Renounce Religion


You were on level 3 of the Shoals.
You worshipped Trog.
Trog was exalted by your worship.
You visited 5 branches of the dungeon, and saw 29 of its levels.
You also visited: Ice Cave.

You collected 3672 gold pieces.
You spent 480 gold pieces at shops.

Inventory:

Hand Weapons
 J - a +4 morningstar of draining
 M - a +6 short sword of distortion (weapon)
 P - a +3 antimagic short sword
Missiles
 p - 42 poisoned darts (quivered)
 B - 7 atropa-tipped darts {=f}
 L - 21 curare-tipped darts {=f}
 S - 7 throwing nets {=f}
Armour
 d - a +1 helmet (worn)
 m - a +1 pair of boots (worn)
 n - the +4 ring mail "Muithred" (worn) {Int+4}
   (You bought it in a shop on level 2 of the Orcish Mines)

   It affects your intelligence (+4).
 o - a +2 buckler of protection (worn)
 E - a +2 pair of gloves (worn)
 F - a scarf of resistance
 I - a scarf of repulsion (worn)
Jewellery
 y - an amulet of faith (around neck)
 D - a cursed ring of protection from cold (right hand)
 K - an uncursed ring of flight
 Y - a ring of protection from fire (left hand)
Wands
 b - a wand of polymorph (10)
 i - a wand of acid (11)
 j - a wand of paralysis (5)
 v - a wand of digging (10)
 w - a wand of enslavement (5)
 x - a wand of flame (45)
 V - a wand of iceblast (16)
Scrolls
 a - 5 scrolls of identify
 e - 12 scrolls of remove curse
 f - 5 scrolls of teleportation
 k - 4 scrolls of enchant armour
 l - 6 scrolls of magic mapping
 r - 6 scrolls of blinking
 s - 6 scrolls of fear
 C - 3 scrolls of fog
 X - a scroll of holy word
Potions
 c - 3 potions of might
 g - 7 potions of heal wounds
 h - 4 potions of flight
 q - a potion of resistance
 t - a potion of stabbing
 u - 3 potions of curing
 z - 2 potions of magic
 A - 11 potions of lignification
 G - a potion of cancellation
 H - 6 potions of ambrosia
 N - 5 potions of haste
 O - 4 potions of mutation
 Q - a potion of invisibility
 R - a potion of berserk rage
Miscellaneous
 T - a tin of tremorstones (2/3)
 U - a phantom mirror
 Z - a lightning rod (4/4)


   Skills:
 + Level 19.5 Fighting
 - Level 12.0 Short Blades
 - Level 6.0 Throwing
 - Level 7.0 Armour
 + Level 20.7 Dodging
 + Level 15.7 Stealth
 - Level 5.6 Shields
 + Level 14.5 Evocations


You had 19 spell levels left.
You didn't know any spells.
Your spell library was empty.

Dungeon Overview and Level Annotations

Branches:
Dungeon (14/15)            Temple (0/1) D:5            Lair (6/6) D:10
 Shoals (3/4) Lair:2       Spider (4/4) Lair:4        Slime (0/5) Lair:5
    Orc (2/2) D:11            Elf (0/3) Orc:2        Vaults (0/5) D:13
  IceCv (visited)

Altars:
Ashenzari
Cheibriados
Dithmenos
Elyvilon
Fedhas
Gozag
Hepliaklqana
Kikubaaqudgha
Nemelex Xobeh
Okawaru
Qazlal
Vehumet
Xom
Yredelemnul
The Shining One
Beogh

Shops:
D:12 *   D:13 :   Orc:1 !   Orc:2 (([}=

Annotations:
Lair:1 1 runed translucent door, Pooter's ghost, journeyman TrHu
Spider:2 Kirke
Abyss:1 Arachne; Frances; Josephine; Roxanne; Snorg


Innate Abilities, Weirdness & Mutations

You are small and have problems with some larger weapons.
You are completely attuned to the shadows.


Message History

You closely miss the merfolk.
The merfolk is heavily wounded.
Splash!
You fall into the shallow water.
Moving in this stuff is going to be slow.
You closely miss the merfolk.
The merfolk is heavily wounded.
You block the merfolk's attack.
Your unstable footing causes you to fumble your attack.
You feel sick. The wind drake flaps its wings at you.
The air twists around and strikes you.
* * * LOW HITPOINT WARNING * * *
Okay, then.
Your skin crawls.
You feel resistant to hostile enchantments.
The merfolk completely misses you. The wind drake flaps its wings at you.
The air twists around and strikes you!!
You die...

≈≈†≈≈≈..###..≈.####....≈≈≈
≈≈≈ ≈≈≈≈≈..## #.....#
#....≈≈≈ ≈≈≈ ≈≈≈≈..##
##...≈..##.(.≈≈≈ ≈≈≈
≈≈≈≈.## #.......###..≈≈≈
≈≈≈ ≈<≈≈.## #.......#
#...≈≈ ≈≈≈ ≈≈≈≈.)#
#....####..≈≈≈ ≈≈≈ ≈≈≈≈..#
#.##.(...≈≈≈ ≈≈ ≈≈≈≈.##
###.)((...≈≈≈≈ ≈≈≈≈..#
#...≈@....≈≈≈≈≈ ≈≈≈≈≈≈≈.
..≈)≈mk≈)≈≈≈≈≈≈ ≈≈≈≈≈≈≈≈
.≈≈≈≈≈(≈))≈≈≈≈ ≈≈≈≈≈≈≈≈≈
≈≈≈≈≈≈≈≈))≈≈≈. ≈≈≈≈≈≈≈≈≈
≈≈≈≈≈≈≈≈†≈≈≈. ≈≈≈≈≈≈≈≈≈
≈≈≈≈≈≈≈≈≈≈≈. ≈≈...≈.≈≈
≈≈≈≈≈≈≈≈≈≈≈. ≈≈......≈
≈≈≈≈≈..≈≈≈≈ .<.....≈≈
≈≈≈..≈≈≈≈≈


You could see a wind drake (repels missiles) and a merfolk.

Vanquished Creatures
  Asterion (Spider:2)
  A kraken (Shoals:3)
  The ghost of Cedruin the Warrior, an adept DrAr of Okawaru (Shoals:1)
  A frost giant (IceCv)
  2 emperor scorpions
  An orc warlord (Orc:2)
  2 ghost moths (Spider:4)
  A merfolk impaler (Shoals:3)
  The ghost of Whiskey the Destroyer, a journeyman OpCj of Vehumet (Orc:1)
  3 vault guards (D:13)
  5 boulder beetles
  5 hydras
  Harold (Lair:1)
  An anaconda (Lair:6)
  A centaur warrior (D:14)
  A death knight (D:14)
  A merfolk aquamancer (Shoals:2)
  7 two-headed ogres
  8 death scarabs (Spider:4)
  A satyr (Shoals:3)
  7 death yaks
  Sonja (D:10)
  3 skeletal warriors
  3 sea snakes
  2 lindwurms (Lair:6)
  2 wizards (D:13)
  4 spectral wolf spiders (Spider:4)
  2 phantasmal warriors
  16 harpies
  2 wolf spider zombies
  25 wolf spiders
  4 ugly things
  2 moths of wrath (Spider:4)
  17 orb spiders
  13 fauns
  3 orc sorcerers (Orc:2)
  2 cyclopes (D:13)
  5 manticores
  4 orc knights
  7 merfolk sirens
  13 elephants
  A guardian serpent (Lair:6)
  6 black mambas
  Psyche (D:11)
  A gargoyle (D:14)
  13 cane toads
  3 water nymphs
  5 torpor snails
  3 centaur skeletons
  3 spectral redbacks (Spider:4)
  2 rime drakes
  An efreet (D:13)
  3 redback zombies (Spider:4)
  A kobold demonologist (D:9)
  5 demonic crawlers
  A yaktaur (D:13)
  7 komodo dragons
  12 merfolk
  2 ice devils (Lair:2)
  5 polar bears (IceCv)
  27 jumping spiders
  4 tyrant leeches
  6 trolls
  2 wind drakes
  A spectral jumping spider (Spider:4)
  5 spectral tarantellas (Spider:4)
  12 blink frogs
  9 dream sheep
  6 slime creatures (D:12)
  A jumping spider zombie (Spider:4)
  13 hornets
  3 snapping turtles
  45 redbacks
  37 yaks
  3 water elementals
  5 wraiths
  12 wyverns
  2 hogs (Spider:2)
  31 tarantellas
  3 basilisks
  10 vampire mosquitoes
  2 soldier ants
  22 water moccasins
  2 wargs (Orc:2)
  2 spectral hornets (Spider:4)
  5 black bears
  33 orc warriors
  2 sky beasts
  4 ice beasts
  8 ogres
  A necrophage (D:10)
  An eye of draining (D:13)
  2 phantoms
  3 boggarts (D:14)
  8 centaurs
  17 wolves
  11 big kobolds
  17 bullfrogs
  A gnoll sergeant (D:9)
  4 scorpions
  A water moccasin skeleton (D:7)
  4 wights (D:12)
  5 howler monkeys
  9 electric eels
  A bullfrog zombie (D:7)
  7 hounds
  4 jellies
  Crazy Yiuf (D:3)
  20 orc priests
  28 orc wizards
  A bullfrog skeleton (D:6)
  2 iguanas (D:4)
  Terence (D:2)
  4 hell rats (Lair:3)
  12 worker ants
  A killer bee zombie (D:7)
  A hound zombie (D:7)
  A hound skeleton (D:7)
  A howler monkey zombie (D:8)
  Robin (D:3)
  15 adders
  17 gnolls
  A howler monkey skeleton (D:8)
  9 river rats (Lair:3)
  A shadow imp (D:6)
  2 white imps
  An ufetubus (D:6)
  5 oozes
  5 worms
  2 adder skeletons
  3 dart slugs (D:2)
  3 leopard geckos
  121 orcs
  6 bats
  10 giant cockroaches
  14 goblins
  10 hobgoblins
  6 jackals
  9 quokkas
  2 ball pythons
  5 frilled lizards
  A jackal skeleton (D:5)
  14 kobolds
  A leopard gecko skeleton (D:6)
  10 rats
  4 tentacles (Shoals:3)
1021 creatures vanquished.

Vanquished Creatures (collateral kills)
  A redback (Spider:2)
  A tarantella (Spider:2)
2 creatures vanquished.

Vanquished Creatures (others)
  An entropy weaver (Spider:2)
  A faun (Shoals:2)
  A torpor snail (Spider:2)
  A jumping spider (Spider:2)
  A redback (Spider:2)
  2 orcs
  41 fungi
  137 plants
  2 tentacles (Shoals:3)
187 creatures vanquished.

Grand Total: 1210 creatures vanquished

Notes
Turn   | Place    | Note
-------+----------+-------------------------------------------
     0 | D:1      | lunkers the Kobold Berserker began the quest for the Orb.
     0 | D:1      | Reached XP level 1. HP: 14/14 MP: 1/1
   128 | D:1      | Reached XP level 2. HP: 19/19 MP: 2/2
   426 | D:1      | Reached skill level 1 in Stealth
  1218 | D:2      | Reached XP level 3. HP: 23/23 MP: 3/3
  1233 | D:2      | You fall into a shaft and drop 2 floors!
  1324 | D:4      | Reached skill level 5 in Short Blades
  1324 | D:4      | Reached skill level 3 in Dodging
  1324 | D:4      | Reached XP level 4. HP: 25/29 MP: 4/4
  1712 | D:4      | Reached skill level 1 in Shields
  1715 | D:4      | Reached XP level 5. HP: 33/33 MP: 5/5
  1718 | D:4      | Reached ** piety under Trog
  2096 | D:2      | Found an ancient bone altar of Kikubaaqudgha.
  2542 | D:2      | Reached XP level 6. HP: 38/38 MP: 6/6
  2876 | D:2      | Noticed Terence
  2900 | D:2      | Killed Terence
  3456 | D:3      | Found a white marble altar of Elyvilon.
  3617 | D:3      | Reached *** piety under Trog
  3620 | D:3      | Reached XP level 7. HP: 44/44 MP: 7/7
  3705 | D:3      | Found an iron altar of Okawaru.
  3705 | D:3      | Found a shadowy altar of Dithmenos.
  3705 | D:3      | Found a sparkling altar of Nemelex Xobeh.
  3706 | D:3      | Found a broken altar of Ashenzari.
  3717 | D:3      | Reached skill level 4 in Dodging
  3747 | D:3      | Noticed Robin
  3760 | D:3      | Killed Robin
  4134 | D:3      | Found a runed translucent door.
  4137 | D:3      | Noticed Crazy Yiuf
  4470 | D:3      | Killed Crazy Yiuf
  4710 | D:4      | Found a stormy altar of Qazlal.
  5088 | D:5      | Entered Level 5 of the Dungeon
  5193 | D:5      | Reached XP level 8. HP: 47/48 MP: 8/8
  5434 | D:5      | Reached skill level 5 in Fighting
  5496 | D:5      | Reached skill level 1 in Evocations
  6016 | D:5      | Reached skill level 5 in Dodging
  6127 | D:5      | Reached skill level 5 in Stealth
  6318 | D:5      | Reached **** piety under Trog
  6390 | D:5      | Found a staircase to the Ecumenical Temple.
  7201 | D:6      | Reached XP level 9. HP: 48/54 MP: 9/9
  7690 | D:6      | Found a snail-covered altar of Cheibriados.
  8138 | D:7      | Reached skill level 6 in Dodging
  8430 | D:7      | Identified the +0 trident of Bloody Death {freeze, rElec
                  | rC+ Str+4 Int-2}
  8801 | D:7      | Reached skill level 10 in Short Blades
  9056 | D:8      | Reached XP level 10. HP: 61/61 MP: 10/10
  9628 | D:8      | Reached ***** piety under Trog
  9972 | D:8      | Found a radiant altar of Vehumet.
 10004 | D:8      | Reached skill level 7 in Dodging
 10004 | D:8      | Reached skill level 5 in Evocations
 10164 | D:8      | Found a blossoming altar of Fedhas.
 10304 | D:8      | Found an opulent altar of Gozag.
 10875 | D:9      | Found a glowing golden altar of the Shining One.
 11021 | D:9      | Found a hazy altar of Hepliaklqana.
 11064 | D:9      | Found a basalt altar of Yredelemnul.
 11327 | D:10     | Entered Level 10 of the Dungeon
 11635 | D:10     | Noticed a two-headed ogre
 11646 | D:10     | Killed a two-headed ogre
 11646 | D:10     | Reached skill level 5 in Shields
 11691 | D:10     | Noticed an elephant
 12057 | D:10     | Noticed Sonja
 12074 | D:10     | Killed Sonja
 12074 | D:10     | Reached skill level 8 in Dodging
 12074 | D:10     | Reached XP level 11. HP: 68/68 MP: 11/11
 12443 | D:10     | Noticed a two-headed ogre
 12449 | D:10     | Killed a two-headed ogre
 12606 | D:10     | Noticed a sun demon
 12607 | D:10     | Received a gift from Trog
 12886 | D:10     | Found a staircase to the Lair.
 12959 | D:10     | Banished an elephant
 13043 | D:10     | Reached skill level 10 in Stealth
 13432 | D:11     | Reached skill level 9 in Dodging
 13868 | D:11     | Found a staircase to the Orcish Mines.
 13881 | D:11     | Received a gift from Trog
 13884 | D:11     | Found a roughly hewn altar of Beogh.
 14019 | D:11     | Noticed a brown ugly thing
 14019 | D:11     | Noticed a white ugly thing
 14025 | D:11     | Banished a white ugly thing
 14031 | D:11     | Killed a white ugly thing
 14303 | D:11     | Noticed Psyche
 14307 | D:11     | Killed Psyche
 14321 | D:11     | Noticed a brown ugly thing
 14325 | D:11     | Killed a brown ugly thing
 14325 | D:11     | Reached XP level 12. HP: 76/76 MP: 12/12
 15191 | Lair:1   | Entered Level 1 of the Lair of Beasts
 15192 | Lair:1   | Noticed a four-headed hydra
 15201 | Lair:1   | Banished a four-headed hydra
 15475 | Lair:1   | Reached skill level 10 in Dodging
 15595 | Lair:1   | Found a runed translucent door.
 15608 | Lair:1   | Found a shimmering altar of Xom.
 15608 | Lair:1   | Noticed Pooter's ghost (journeyman TrHu)
 15609 | Lair:1   | Noticed a +1 hand axe of chaos
 15615 | Lair:1   | Noticed Harold
 15635 | Lair:1   | Killed Harold
 15799 | Lair:1   | Noticed a death yak
 15800 | Lair:1   | Noticed a death yak
 15800 | Lair:1   | Noticed a death yak
 15830 | Lair:1   | Banished a death yak
 15830 | Lair:1   | Reached skill level 10 in Fighting
 15834 | Lair:1   | Banished a death yak
 15835 | Lair:1   | Noticed a death yak
 15835 | Lair:1   | Noticed a death yak
 15840 | Lair:1   | Noticed a death yak
 15841 | Lair:1   | Banished a death yak
 15853 | Lair:1   | Killed a death yak
 15853 | Lair:1   | Reached skill level 11 in Dodging
 15855 | Lair:1   | Banished a death yak
 15857 | Lair:1   | Banished a death yak
 16203 | Lair:1   | Reached XP level 13. HP: 84/84 MP: 13/13
 16424 | Lair:1   | Noticed a four-headed hydra
 16432 | Lair:1   | Killed a four-headed hydra
 16432 | Lair:1   | Reached skill level 12 in Dodging
 16924 | Lair:2   | Noticed an eight-headed hydra
 16937 | Lair:2   | Killed an eight-headed hydra
 17010 | Lair:2   | Found a frozen archway.
 17061 | IceCv    | Entered an ice cave
 17430 | IceCv    | Reached skill level 13 in Dodging
 17601 | IceCv    | Got a scintillating crystal amulet
 17648 | IceCv    | Received a gift from Trog
 17818 | IceCv    | Noticed a frost giant
 17964 | IceCv    | HP: 4/87 [frost giant/bolt of cold (21)]
 17965 | IceCv    | Killed a frost giant
 18515 | Lair:2   | Found a staircase to the Shoals.
 18740 | Lair:2   | Reached XP level 14. HP: 52/94 MP: 14/14
 20219 | Lair:3   | Reached skill level 14 in Dodging
 20780 | Lair:3   | Identified the amulet of Exkua {Inacc rF+} (You found it in
                  | an ice cave)
 21240 | Lair:3   | Received a gift from Trog
 21260 | Lair:3   | Got a buzzing dagger {god gift}
 21773 | Lair:4   | You fall into a shaft and drop 1 floor!
 21774 | Lair:5   | Found a staircase to the Slime Pits.
 22553 | Lair:4   | Reached skill level 5 in Armour
 22722 | Lair:4   | Reached skill level 10 in Evocations
 22769 | Lair:4   | Found a hole to the Spider Nest.
 23224 | Lair:4   | Identified the Guide on the Birds
 23931 | Lair:6   | Entered Level 6 of the Lair of Beasts
 23956 | Lair:6   | Reached XP level 15. HP: 100/100 MP: 15/15
 24185 | Lair:6   | Reached skill level 15 in Dodging
 24648 | Lair:6   | Reached skill level 1 in Throwing
 27054 | Lair:6   | Received a gift from Trog
 27076 | Lair:6   | Got a shimmering dagger {god gift}
 27267 | Lair:6   | Reached skill level 15 in Fighting
 27507 | Lair:6   | Reached skill level 5 in Throwing
 27815 | Lair:6   | Found a runed translucent door.
 28049 | Lair:6   | Reached skill level 16 in Dodging
 28049 | Lair:6   | Reached XP level 16. HP: 108/108 MP: 16/16
 28846 | Orc:1    | Entered Level 1 of the Orcish Mines
 29496 | D:12     | Found Ficoczem's General Store.
 29574 | D:12     | Reached ****** piety under Trog
 29590 | D:12     | Received a gift from Trog
 30195 | Orc:1    | Paralysed by an ogre mage for 5 turns
 30548 | Orc:1    | Found a runed translucent door.
 30807 | Orc:1    | Found Daupipn's Distillery.
 31067 | Orc:1    | Found a roughly hewn altar of Beogh.
 31268 | Orc:1    | Noticed Whiskey's ghost (journeyman OpCj)
 31272 | Orc:1    | Killed Whiskey's ghost
 31279 | Orc:1    | Got a distressingly furry chain mail
 31304 | Orc:1    | Identified the +3 chain mail of the Camelopard {+Blink rN+}
                  | (You found it on level 1 of the Orcish Mines)
 31350 | Orc:2    | Entered Level 2 of the Orcish Mines
 31429 | Orc:2    | Found a roughly hewn altar of Beogh.
 31462 | Orc:2    | Found a staircase to the Elven Halls.
 31741 | Orc:2    | Found Niabia's Gadget Boutique.
 31750 | Orc:2    | Received a gift from Trog
 31790 | Orc:2    | Found a roughly hewn altar of Beogh.
 31813 | Orc:2    | Found Ufytarim's Jewellery Emporium.
 32754 | Orc:2    | Found Wyimaz's Antique Weapon Emporium.
 32755 | Orc:2    | Found Gaoxidghepe's Antique Armour Shoppe.
 32755 | Orc:2    | Found a roughly hewn altar of Beogh.
 32976 | Orc:2    | Found a roughly hewn altar of Beogh.
 32999 | Orc:2    | Found Vahagh's Antique Weapon Boutique.
 33129 | Orc:2    | Found a roughly hewn altar of Beogh.
 33247 | Orc:2    | Found a roughly hewn altar of Beogh.
 33383 | Orc:2    | Bought a glowing hat for 210 gold pieces
 33383 | Orc:2    | Bought a pitted ring mail for 270 gold pieces
 33384 | Orc:2    | Identified the +7 dagger "Undertaker" {vorpal, rPois rF+
                  | MR+ Dex+3} (Trog gifted it to you on level 3 of the Lair of
                  | Beasts)
 33424 | Orc:2    | Identified the +4 ring mail "Muithred" {Int+4} (You bought
                  | it in a shop on level 2 of the Orcish Mines)
 33817 | D:13     | Noticed Josephine
 33823 | D:13     | Banished Josephine
 33831 | D:13     | Received a gift from Trog
 33855 | D:13     | Noticed Snorg
 33860 | D:13     | Banished Snorg
 34199 | D:13     | Reached XP level 17. HP: 115/115 MP: 17/17
 34237 | D:13     | Reached skill level 17 in Dodging
 34254 | D:13     | Found a gate to the Vaults.
 34537 | D:13     | Found Zenextor's Book Shoppe.
 36254 | Spider:1 | Entered Level 1 of the Spider Nest
 36317 | Spider:1 | Noticed Frances
 36331 | Spider:1 | Banished Frances
 36415 | Spider:1 | Received a gift from Trog
 38770 | Spider:1 | Received a gift from Trog
 39203 | Spider:2 | Reached skill level 18 in Dodging
 39241 | Spider:2 | Reached XP level 18. HP: 122/122 MP: 18/18
 39276 | Spider:2 | Noticed Kirke
 39708 | Spider:2 | Noticed Asterion
 39888 | Spider:2 | Killed Asterion
 41137 | Spider:3 | Identified Roxanne's Guide on Transmutation
 41137 | Spider:3 | Noticed Roxanne
 41150 | Spider:3 | Banished Roxanne
 41173 | Spider:3 | Identified the +10 dagger of Eghelalu {vorpal, +Fly rF+ rC+
                  | Dex-5} (Trog gifted it to you on level 6 of the Lair of
                  | Beasts)
 41206 | Spider:3 | Reached skill level 15 in Stealth
 41340 | Spider:3 | Received a gift from Trog
 41624 | Spider:3 | Noticed Arachne
 41646 | Spider:3 | Banished Arachne
 42636 | Spider:4 | Entered Level 4 of the Spider Nest
 43377 | Spider:4 | Reached skill level 19 in Dodging
 44891 | Spider:4 | Reached XP level 19. HP: 131/131 MP: 19/19
 44929 | Spider:4 | Received a gift from Trog
 45507 | Spider:4 | Reached skill level 20 in Dodging
 45571 | Spider:4 | Got a gossamer rune of Zot
 46158 | Shoals:1 | Entered Level 1 of the Shoals
 46233 | Shoals:1 | Found a runed translucent door.
 46233 | Shoals:1 | Noticed Cedruin's ghost (adept DrAr)
 47056 | Shoals:1 | Received a gift from Trog
 47530 | Shoals:1 | Killed Cedruin's ghost
 48463 | Shoals:2 | You fall into a shaft and drop 1 floor!
 49502 | Shoals:3 | Reached XP level 20. HP: 94/139 MP: 20/20
 49766 | Shoals:3 | Killed from afar by a wind drake

Illustrated notes

Levels and vault maps discovered:
D:1:      lightli_arrival_lavapool, layout_basic, minmay_3d_cube
D:2:      layout_loops_cross, lemuel_round_altar, uniq_terence
D:3:      layout_loops_corners, elyvilon_altar_3,
          chequers_temple_overflow_statue_of_worship, uniq_robin,
          uniq_crazy_yiuf_cottage
D:4:      layout_loops_ring, grunt_qazlal_sundering
D:5:      cheibrodos_two_vegetables, layout_loops_ring,
          minmay_temple_entry_overgrown, minivault_19
D:6:      layout_cave_pools, nicolae_overflow_crystal_walls
D:7:      layout_basic, minmay_misc_feat_square, item_on_display_a
D:8:      layout_gridville, lemuel_doored_altar, fedhas_altar_fruit_tree,
          lemuel_round_altar, minmay_hedge_maze
D:9:      layout_roguey, old_standard_altar, lemuel_crystal_altar, basic_altar
D:10:     layout_cave_pods, david_lair_generic, special_room
          [special_room_kobold], serial_column_ruins, column_ruins_hut_ruined,
          column_ruins_grid_5, column_ruins_columns_corner, column_ruins_grid_2,
          column_ruins_columns_straight, column_ruins_open_small, uniq_sonja
D:11:     layout_loops_corners, minmay_orc_entry_temple_small, uniq_psyche
D:12:     layout_cave_pools, serial_shops, kennysheep_mini
D:13:     layout_roguey, grunt_vaults_entry_fortified, serial_shops, shop,
          uniq_josephine, uniq_snorg
D:14:     layout_small_grid, grunt_decor_arrowhead
Lair:1:   cheibrodos_lair_river_kwai, layout_big_grid, ebering_ghost_xom,
          serial_bayou_pond_b, uniq_harold
Lair:2:   layout_gridlike, minmay_shoals_entry_beasts,
          portal_ice_cave_demonic_guard, grunt_megastairs_3,
          serial_bayou_shore_a
Lair:3:   lemuel_ratsnest, layout_chaotic_city, beast_lair_carwin_6
Lair:4:   layout_misc_corridors, nicolae_spider_entry_tight_spaces
Lair:5:   layout_cave_pods, nicolae_slime_entry_slimehenge
Lair:6:   hangedman_lair_tendril_chambers, layout_small_grid, wormcave,
          chequers_serial_rivers_micro_e, wad_woods_road_05
Shoals:1: layout_shoals, gammafunk_ghost_grave, argonaut_gorgonesque
Shoals:2: layout_shoals, nicolae_island_escapes
Shoals:3: layout_shoals, centaur_isle
Spider:1: layout_spider_delve, uniq_frances
Spider:2: layout_spider_delve, hangedman_stitches_earthworm, uniq_asterion,
          uniq_kirke
Spider:3: layout_spider_delve, uniq_arachne, uniq_roxanne
Spider:4: floodkiller_spider_rune_tomb, nicolae_spider_cling_ruins
Orc:1:    layout_caves, serial_shops, nicolae_shop_behind_doors,
          ebering_ghost_reflecting_pool, minmay_orc_temple_b
Orc:2:    grunt_orc_community_town_hall, layout_caves,
          grunt_orc_community_big_house_1, grunt_orc_community_big_house_2,
          grunt_orc_community_house_1, grunt_orc_community_house_3,
          grunt_orc_community_house_1, grunt_orc_community_house_1,
          grunt_orc_community_house_2, serial_shops, shop

Skill      XL: |  1  2  3  4  5  6  7  8  9 10 11 12 13 14 15 16 17 18 19 |
---------------+----------------------------------------------------------+-----
Stealth        | 1 2 3 4 5 7 9 10 12 14 15 | 15.7
Short Blades   | 5 6 7 8 10 11 12 | 12.0
Dodging        | 3 4 5 6 8 9 11 13 14 16 18 19 20 | 20.7
Shields        | 1 2 3 4 5 |  5.6
Fighting       | 4 5 6 7 9 11 13 14 15 16 18 19 | 19.5
Evocations     | 2 4 6 7 8 10 12 13 14 | 14.5
Armour         | 3 5 6 7 |  7.0
Throwing       | 5 6 |  6.0

Action                   |  1- 3 |  4- 6 |  7- 9 | 10-12 | 13-15 | 16-18 | 19-21 || total
-------------------------+-------+-------+-------+-------+-------+-------+-------++-------
Melee: Short sword       |    68 |   235 |   178 |   297 |  1135 |  1609 |   519 ||  4041
       Dagger            |       |       |   328 |   382 |       |       |       ||   710
Throw: Dart              |       |    10 |    39 |    64 |   204 |   475 |   124 ||   916
Invok: Berserk           |     1 |    11 |    11 |    15 |    17 |    20 |     5 ||    80
       Trog's Hand       |       |       |       |       |     1 |     5 |     1 ||     7
Evoke: Wand              |       |       |     9 |       |     8 |     3 |     5 ||    25
       Tin of tremorston |       |       |       |       |       |     7 |     4 ||    11
  Use: Scroll            |       |       |     4 |    14 |    24 |    16 |       ||    58
       Potion            |       |       |       |       |       |     3 |       ||     3
 Stab: Sleeping          |    13 |     7 |    20 |    31 |    39 |    66 |    25 ||   201
       Distracted        |       |     1 |       |     2 |     9 |     7 |     1 ||    20
       Held in net/web   |       |       |       |       |       |     1 |       ||     1
Armor: Animal skin       |    12 |     4 |       |       |       |       |       ||    16
       Ring mail         |       |    48 |    62 |    52 |    94 |   189 |    65 ||   510
       Chain mail        |       |       |       |       |       |    38 |       ||    38
Dodge: Dodged            |    38 |   126 |   185 |   234 |   571 |  1340 |   556 ||  3050
       Repelled          |       |       |       |     1 |     4 |     5 |       ||    10
Block: Buckler           |     6 |    37 |    74 |   105 |   206 |   435 |   243 ||  1106

Table legend: (Time is in decaauts)
 A = Elapsed time spent in this place.
 B = Non-inter-level travel time spent in this place.
 C = Inter-level travel time spent in this place.
 D = Time resting spent in this place.
 E = Time spent auto-exploring this place.
 F = Levels seen in this place.
 G = Mean time per level.
                   A        B        C        D        E       F      G
               +--------+--------+--------+--------+--------+-----+--------+
         Total |  48666 |  46710 |   1956 |   6310 |  31334 |  30 | 1622.2 |
       Dungeon |  18873 |  17815 |   1058 |   1810 |  13172 |  14 | 1348.1 |
          Lair |  12070 |  11543 |    527 |   1460 |   8033 |   6 | 2011.7 |
        Shoals |   3801 |   3705 |     96 |    102 |   2537 |   3 | 1267.0 |
   Spider Nest |   9476 |   9306 |    170 |   2549 |   4823 |   4 | 2369.0 |
  Orcish Mines |   3122 |   3019 |    103 |    314 |   1840 |   2 | 1561.0 |
      Ice Cave |   1321 |   1321 |      0 |     74 |    928 |   1 | 1321.0 |
               +--------+--------+--------+--------+--------+-----+--------+

Top non-repeatable levels by time:
  Lair:6: 3886 daAuts
Spider:4: 3304 daAuts
Spider:1: 3087 daAuts
    D:11: 2193 daAuts
  Lair:5: 1971 daAuts
  Lair:2: 1932 daAuts
Spider:3: 1910 daAuts
     D:3: 1871 daAuts
  Lair:1: 1801 daAuts
   Orc:2: 1784 daAuts
    D:10: 1698 daAuts
     D:5: 1601 daAuts
     D:8: 1595 daAuts
Shoals:1: 1594 daAuts
Shoals:2: 1585 daAuts
